 Dungeon Crawl Stone Soup version 0.25-a0-719-gde951dce62 (webtiles) character file.

Game seed: 16523148646549919236, levelgen mode: deterministic

72 DavidChitty2 the Skirmisher (level 4, 0/40 HPs)
             Began as a Hill Orc Fighter on Apr 6, 2020.
             Slain by Terence
             ... wielding a +0 flail
              (3 damage)
             ... on level 2 of the Dungeon.
             The game lasted 00:01:20 (1395 turns).

DavidChitty2 the Skirmisher (Hill Orc Fighter)      Turns: 1395, Time: 00:01:21

Health: 0/40       AC:  7    Str: 19    XL:     4   Next: 26%
Magic:  4/4        EV:  7    Int:  8    God:
Gold:   108        SH:  9    Dex: 10    Spells: 3/3 levels left

rFire    . . .     SeeInvis .   a - +0 war axe
rCold    . . .     Gourm    .   c - +0 kite shield
rNeg     . . .     Faith    .   b - +0 scale mail
rPois    .         Spirit   .   (no helmet)
rElec    .         Reflect  .   (no cloak)
rCorr    .         Harm     .   (no gloves)
MR       .....                  (no boots)
Stlth    ..........             (no amulet)
HPRegen  0.13/turn              (no ring)
MPRegen  0.09/turn              (no ring)

@: mighty
A: no striking features
a: no special abilities


You were on level 2 of the Dungeon.
You were not hungry.

You visited 1 branch of the dungeon, and saw 2 of its levels.

You collected 108 gold pieces.

Inventory:

Hand Weapons
 a - a +0 war axe (weapon)
Armour
 b - a +0 scale mail (worn)
 c - a +0 kite shield (worn)
Jewellery
 o - an uncursed ring of protection from cold {unknown}
   (You found it on level 2 of the Dungeon)
Scrolls
 f - 3 scrolls of identify {unknown}
 h - 2 scrolls of teleportation {unknown}
 j - a scroll of blinking {unknown}
 k - a scroll of enchant weapon {unknown}
 l - 3 scrolls of enchant armour {unknown}
 m - a scroll of immolation {unknown}
Potions
 d - a potion of might
 g - a potion of heal wounds {unknown}
 i - a potion of stabbing {unknown}
Comestibles
 e - 3 rations {!d}
 n - 2 chunks of flesh


   Skills:
 + Level 4.2 Fighting
 * Level 4.2 Axes
 + Level 3.7 Armour
 + Level 3.8 Shields


You had 3 spell levels left.
You didn't know any spells.
Your spell library was empty.

Dungeon Overview and Level Annotations

Branches:
Dungeon (2/15)

Altars:

Annotations:
D:2 Terence


Message History

No target in view!
No target in view!
No target in view!
No target in view!
No target in view!
Okay, then.
Okay, then.
Okay, then.
You start resting.
You feel sick. x3
You are no longer poisoned.
You start resting.
Eating a chunk of flesh.
You eat the chunk of flesh.
A goblin comes into view. It is wielding a +1 dagger of flaming.
The goblin shouts!
A goblin is nearby!
A goblin is nearby!
A goblin is nearby!
You slash the goblin!
You kill the goblin!
No target in view!
No target in view!
Things that are here:
a +1 dagger of flaming; a goblin corpse You butcher the goblin corpse.
n - 2 chunks of flesh
Things that are here:
a +1 dagger of flaming; a goblin skeleton
Things that are here:
a +1 dagger of flaming; a goblin skeleton Terence the Incautious comes into view.
He is wielding a +0 flail.
Terence shouts!
You completely miss Terence. Terence hits you but does no damage.
You hit Terence. Terence hits you with a +0 flail.
You closely miss Terence. Terence hits you with a +0 flail.
You block Terence's attack.
You closely miss Terence. Terence hits you with a +0 flail.
You barely miss Terence. You block Terence's attack.
You slash Terence! Terence hits you but does no damage.
You hit Terence. Terence hits you with a +0 flail.
You closely miss Terence. Terence hits you with a +0 flail.
* * * LOW HITPOINT WARNING * * *
You closely miss Terence. Terence hits you but does no damage.
You hit Terence but do no damage. Terence hits you with a +0 flail.
* * * LOW HITPOINT WARNING * * *
Terence hits you with a +0 flail!
* * * LOW HITPOINT WARNING * * *
You feel very mighty all of a sudden.
You hit Terence. Terence hits you with a +0 flail.
You die...

.#.#........#####.# #.# #.#
................>.# #.#####.#
.#[##.......###.#.# #.....#.#
.#.##.............# #####)#.#
.#.####.....#.#.### #.#.#
.#.# #.........# #.#.# .#.#
#.....#.#.# #.#.#
.#.####.#.###.#.###.# #.#.#
.#.##.........#.@@..# #...#
.#.##.###..####.#############
.#.##.####.# #....).......
.#.......#.# #..##########
.#..≈≈≈≈...###...........
.#..≈≈≈≈≈...##...########
.#.≈≈≈≈≈≈.#.##...#
...≈≈≈≈≈≈........#
....≈≈≈≈.........#


You could see Terence.

Vanquished Creatures
  3 adders (D:2)
  3 leopard geckos
  A ball python (D:1)
  5 goblins
  5 hobgoblins
  A quokka (D:2)
  6 bats
  9 frilled lizards
  7 kobolds
  4 rats
44 creatures vanquished.

Notes
Turn   | Place    | Note
-------+----------+-------------------------------------------
     0 | D:1      | DavidChitty2 the Hill Orc Fighter began the quest for the
                  | Orb.
     0 | D:1      | Reached XP level 1. HP: 19/19 MP: 1/1
   223 | D:1      | Reached XP level 2. HP: 22/27 MP: 2/2
   444 | D:1      | Reached XP level 3. HP: 29/33 MP: 3/3
   916 | D:2      | Reached XP level 4. HP: 28/40 MP: 4/4
  1028 | D:2      | Found a faded altar of an unknown god.
  1382 | D:2      | Noticed Terence
  1395 | D:2      | Slain by Terence

Levels and vault maps discovered:
D:1:      dpeg_arrival_concentric_ovals, layout_basic
D:2:      layout_basic, chequers_ecumenical_altar_simple, minmay_lizard_pond,
          uniq_terence, uniq_jessica

Skill      XL: |  1  2  3 |
---------------+----------+-----
Axes           | 3 4 |  4.2
Fighting       | 4 |  4.2
Armour         | |  3.7
Shields        | |  3.8

Action                   |  1- 3 |  4- 6 || total
-------------------------+-------+-------++-------
Melee: War axe           |   104 |    28 ||   132
  Use: Potion            |       |     1 ||     1
  Eat: Chunk             |       |     2 ||     2
Armor: Scale mail        |    53 |     9 ||    62
Dodge: Dodged            |    52 |     4 ||    56
Block: Kite shield       |    64 |    11 ||    75

Table legend:
 A = Non-vault XP
 B = Vault XP
 C = Vault XP percentage of total XP
 D = Non-vault monster count
 E = Vault monster count
 F = Vault count percentage of total count
                 A         B        C        D         E       F
            +---------+---------+-------+---------+---------+-------
      Total |      97 |       7 |   6.7 |      37 |       7 |  15.9
            +---------+---------+-------+---------+---------+-------
        D:1 |      39 |       0 |   0.0 |      24 |       0 |   0.0
        D:2 |      58 |       7 |  10.8 |      13 |       7 |  35.0
            +---------+---------+-------+---------+---------+-------
